 Dungeon Crawl Stone Soup version 0.28.0-45-g0d030f2227 (webtiles) character file.

Game seed: 9806079663851819056

315 zeratav the Insei (level 6, -2/41 HPs)
             Began as an Octopode Transmuter on Apr 5, 2022.
             Slain by an orc wizard
             ... wielding a +0 dagger
              (3 damage)
             ... on level 4 of the Dungeon.
             The game lasted 00:06:19 (3613 turns).

zeratav the Insei (Octopode Transmuter)             Turns: 3613, Time: 00:06:20

Health: -2/41      AC:  1    Str: 12    XL:     6   Next: 44%
Magic:  10/10      EV: 14    Int: 15    God:
Gold:   143        SH:  0    Dex: 12    Spells: 9/10 levels left

rFire   . . .      SeeInvis .     - Unarmed
rCold   . . .      Faith    .   (no shield)
rNeg    . . .      Spirit   .   (helmet restricted)
rPois   .          Reflect  .   (no amulet)
rElec   .          Harm     .   f - ring of resist corrosion
rCorr   +          Rampage  .   (no ring)
Will    .....                   (no ring)
Stlth   ++........              (no ring)
HPRegen 0.13/turn               (no ring)
MPRegen 0.12/turn               (no ring)
                                (no ring)
                                (no ring)

@: confused
A: almost no armour, amphibious, 8 rings, camouflage 1, gelatinous body 1,
(nimble swimmer 1), tentacles
a: no special abilities


You were on level 4 of the Dungeon.
You visited 1 branch of the dungeon, and saw 4 of its levels.

You collected 143 gold pieces.

Inventory:

Jewellery
 f - a ring of resist corrosion (left tentacle)
Scrolls
 b - a scroll of teleportation {unknown}
 d - 4 scrolls of identify {unknown}
 e - a scroll of enchant weapon {unknown}
 g - a scroll of vulnerability {unknown}
 h - a scroll of magic mapping {unknown}
 i - a scroll of fog {unknown}
 j - a scroll of holy word {unknown}
Potions
 a - a potion of degeneration {unknown}
 c - 4 potions of curing {unknown}
 k - 2 potions of haste {unknown}
 l - a potion of lignification {unknown}
 m - a potion of resistance {unknown}
 n - a potion of might {unknown}


   Skills:
 * Level 2.9 Fighting
 * Level 3.4 Dodging
 * Level 4.1 Unarmed Combat
 - Level 2.9 Spellcasting
 + Level 3.2 Transmutations
 + Level 0.9 Ice Magic


You had 9 spell levels left.
You knew the following spells:

 Your Spells              Type           Power      Damage    Failure   Level
a - Beastly Appendage     Tmut           22%        N/A       5%          1

Your spell library contained the following spells:

 Spells                   Type           Power      Damage    Failure   Level
 Wereblood                Tmut           11%        N/A       9%          2
 Slow                     Hex            8%         N/A       21%         1
 Spider Form              Tmut/Pois      7%         N/A       30%         3
 Confusing Touch          Hex            2%         N/A       52%         3
 Vampiric Draining        Necr           2%         2d6       52%         3
 Ice Form                 Ice/Tmut       8%         N/A       65%         4


Dungeon Overview and Level Annotations

Branches:
Dungeon (4/15)
 Temple: D:4-7

Altars:
Elyvilon
Wu Jian


Innate Abilities, Weirdness & Mutations

You cannot wear most types of armour.
You are amphibious.
You can wear up to eight rings at the same time.
Your skin changes colour to match your surroundings (Stealth+).
Your rubbery body absorbs attacks. (AC +1, EV +1)
((You are camouflaged when in or above water. (Stealth+)))
You have tentacles for arms and can constrict up to eight enemies at once.


Message History

* * * LOW HITPOINT WARNING * * *
You hear some strange, mumbled words.
Something tries to affect you, but you resist.
Your tentacle spike disappears.
A magic dart appears from out of thin air!
The magic dart hits you!
* * * LOW HITPOINT WARNING * * *
Things that are here:
a +0 club; a goblin corpse You hear some strange, mumbled words.
You are confused.
An orc wizard appears from thin air!
Reactivating autopickup.
You bump into the rock wall.
You tentacle-slap the orc wizard but do no damage.
Your squeeze misses the orc wizard.
The orc wizard is moderately wounded.
The orc wizard points at you and mumbles some strange words.
You are more confused.
You tentacle-slap the orc wizard but do no damage.
The orc wizard is moderately wounded.
The orc wizard misses you.
You tentacle-slap the orc wizard but do no damage.
The orc wizard is moderately wounded.
The orc wizard hits you with a +0 dagger.
* * * LOW HITPOINT WARNING * * *
You're too confused to move!
The orc wizard hits you with a +0 dagger.
* * * LOW HITPOINT WARNING * * *
You miss the orc wizard. Your squeeze misses the orc wizard.
The orc wizard is moderately wounded.
You tentacle-slap the orc wizard but do no damage.
The orc wizard is moderately wounded.
The orc wizard barely misses you.
You tentacle-slap the orc wizard.
Your tentacle-slap misses the orc wizard.
You squeeze the orc wizard.
The orc wizard is severely wounded.
The orc wizard hits you with a +0 dagger.
You die...

#.# #.# #.# #.# #.#
#.# ##.###.#
#......# ##.##..#
####).# #####o.#
#...@..# ###.###.##
#.....#.#
###.....#.#
...........#
#######
#.##.....#.#
##...... #
#.....#.###...##
##...)......†..#
#....#......##....#


You could see an orc wizard.

Vanquished Creatures
  A black bear (D:4)
  A hound (D:3)
  A jelly (D:4)
  An orc priest (D:4)
  7 adders
  An adder skeleton (D:4)
  2 worms (D:2)
  A dart slug (D:2)
  4 orcs (D:4)
  3 ball pythons
  6 bats
  4 endoplasms
  4 giant cockroaches
  6 goblins
  4 hobgoblins
  3 jackals (D:2)
  3 quokkas
  5 frilled lizards
  7 kobolds
  6 rats
70 creatures vanquished.

Notes
Turn   | Place    | Note
-------+----------+-------------------------------------------
     0 | D:1      | zeratav the Octopode Transmuter began the quest for the
                  | Orb.
     0 | D:1      | Reached XP level 1. HP: 13/13 MP: 3/3
   214 | D:1      | Reached XP level 2. HP: 18/18 MP: 3/5
   651 | D:1      | Found a faded altar of an unknown god.
  1216 | D:2      | Found a white marble altar of Elyvilon.
  1285 | D:2      | Reached XP level 3. HP: 22/23 MP: 4/6
  1798 | D:2      | Reached XP level 4. HP: 28/29 MP: 5/7
  2338 | D:3      | Reached XP level 5. HP: 15/34 MP: 6/9
  2872 | D:3      | Found an ornate altar of the Wu Jian Council.
  3142 | D:4      | Noticed a black bear
  3156 | D:4      | Killed a black bear
  3157 | D:4      | Reached skill level 4 in Unarmed Combat
  3157 | D:4      | Reached XP level 6. HP: 13/41 MP: 10/10
  3610 | D:4      | HP: 1/41 [orc wizard/+0 dagger (3)]
  3613 | D:4      | Slain by an orc wizard

Illustrated notes

Levels and vault maps discovered:
D:1:      erik_arrival_blinker_ship, layout_basic,
          ebering_ecumenical_altar_webs, hangedman_decor_push, minmay_surrounded
D:2:      minmay_alternating_diamond, layout_rooms, basic_altar,
          minmay_misc_feat_nine_boxes, glass_columns_b
D:3:      layout_rooms, nicolae_wu_jian_glorious_leap
D:4:      layout_loops_ring

Skill      XL: |  1  2  3  4  5 |
---------------+----------------+-----
Fighting       | 2 |  2.9
Transmutations | 3 |  3.2
Dodging        | 3 |  3.4
Unarmed Combat | 4 |  4.1
Spellcasting   | |  2.9
Ice Magic      | |  0.9

Action                   |  1- 3 |  4- 6 || total
-------------------------+-------+-------++-------
Melee: Unarmed           |    73 |    87 ||   160
       Kick              |    21 |    27 ||    48
       Constrict         |    23 |    26 ||    49
       Tentacles         |     8 |    11 ||    19
       Punch             |     6 |     4 ||    10
 Cast: Beastly Appendage |    27 |    32 ||    59
 Stab: Sleeping          |     4 |     1 ||     5
Armor: Skin              |     6 |    11 ||    17
Dodge: Dodged            |    47 |    51 ||    98
